 Dungeon Crawl Stone Soup version 0.17-a0-1186-gbffdd7f (webtiles) character file.

411 AnnoyedKobold the Nimble (level 6, -3/30 HPs)
             Began as a Spriggan Assassin on June 1, 2015.
             Killed from afar by an orc wizard (6 damage)
             ... with a magic dart
             ... on level 7 of the Dungeon.
             The game lasted 00:11:21 (5909 turns).

AnnoyedKobold the Nimble (Spriggan Assassin)        Turns: 5909, Time: 00:11:21

Health: -3/30      AC:  5    Str:  7    XL:     6   Next: 58%
Magic:  7/7        EV: 29    Int: 13    God:
Gold:   450        SH:  0    Dex: 19    Spells: 0 memorised, 5 levels left

rFire  . . .     SeeInvis +     a - +2 dagger
rCold  . . .     Clarity  .     c - +0 robe
rNeg   . . .     SustAt   .     (shield restricted)
rPois  .         Gourm    .     l - +2 hat
rElec  .         Spirit   .     d - +0 cloak
rCorr  .         Warding  .     (gloves unavailable)
rMut   .         Stasis   .     (boots unavailable)
MR     +....                    (no amulet)
Stlth  ++++......               (no ring)
                                s - +3 ring of evasion

@: drained, very quick, somewhat resistant to hostile enchantments, stealthy
A: unfitting armour, see invisible, herbivore 3, speed 3, slow metabolism 2
a: no special abilities


You were on level 7 of the Dungeon.
You were full.

You visited 1 branch of the dungeon, and saw 7 of its levels.

You collected 450 gold pieces.

Inventory:

Hand weapons
 a - a +2 dagger (weapon)
 b - a +0 blowgun
 j - a +0 whip
Missiles
 e - 45 poisoned needles
 f - 2 curare-tipped needles
Armour
 c - a +0 robe (worn)
 d - a +0 cloak (worn)
 l - a +2 hat (worn)
Jewellery
 s - a +3 ring of evasion (left hand)
Scrolls
 h - 3 scrolls of magic mapping {unknown}
 i - 2 scrolls of teleportation {unknown}
 k - 2 scrolls of fear {unknown}
 m - 4 scrolls of remove curse {unknown}
 n - a scroll of fog {unknown}
 o - 2 scrolls of enchant weapon {unknown}
 p - a scroll of amnesia {unknown}
 q - 2 scrolls of enchant armour {unknown}
 t - 4 scrolls of identify {unknown}
 u - a scroll of immolation {unknown}
Potions
 r - a potion of degeneration {unknown}
 v - a potion of beneficial mutation {unknown}
 x - 4 potions of curing
 z - a potion of cure mutation {unknown}
 A - 2 potions of heal wounds
 B - a potion of ambrosia {unknown}
 C - a potion of brilliance {unknown}
Comestibles
 g - 2 bread rations


   Skills:
 - Level 1.5(1.2) Fighting
 - Level 2.1(1.8) Throwing
 + Level 9.7(9.3) Dodging
 - Level 6.0(5.6) Stealth


You had 5 spell levels left.
You didn't know any spells.

Dungeon Overview and Level Annotations

Branches:
Dungeon (7/15)             Temple (0/1) D:6

Altars:
Makhleb


Innate Abilities, Weirdness & Mutations

You are tiny and cannot use many weapons and most armour.
You have supernaturally acute eyesight.
You are a herbivore.
You cover ground extremely quickly.
You need consume almost no food.


Message History

Things that are here:
a whip; a leather armour You hit the orc wizard but do no damage.
The orc warrior completely misses you. The orc wizard completely misses you.
You hit the orc wizard but do no damage.
The orc warrior hits you with a trident!!
Ouch! That really hurt!
The orc wizard casts a spell at you. The magic dart hits you!
* * * LOW HITPOINT WARNING * * *
You hit the orc wizard.
The orc wizard is lightly wounded.
The orc warrior completely misses you.
The orc wizard casts a spell.
The orc wizard seems to speed up.
You barely miss the orc wizard.
The orc wizard is lightly wounded.
The orc wizard points at you and mumbles some strange words.
The magic dart hits you!
You die...

#...##......##
##..# #.(#
#.......## #..#
##.## ##.......#
... #..#
#.......##
......####..#
#...##...#
#..##.........
...##.....## #..#
###...#...
#...........###..#
#..##..#
#............#o..#
#..# #..#
#............@...#
#.. #..#
..#.....####o...#
#.. ##..#
..###...# #...###.
##...# #...#
#...#...##....#
.....
#.....#..<...o
....#
............. ..##
.#..#######. ## #.
#.


You could see an orc warrior and an orc wizard.

Vanquished Creatures
  A scorpion (D:6)
  An orc priest (D:6)
  An iguana (D:4)
  4 worker ants
  2 worker ant zombies (D:6)
  4 gnolls (D:6)
  3 adders (D:2)
  3 oozes
  An adder zombie (D:7)
  3 worms
  2 giant geckos
  18 orcs
  8 bats
  A bat skeleton (D:6)
  7 hobgoblins
  A quokka (D:2)
  A ball python (D:3)
  5 giant newts
  7 goblins
  6 jackals
  12 kobolds
  5 rats
  A fungus (D:1)
97 creatures vanquished.

Notes
Turn   | Place    | Note
--------------------------------------------------------------
     0 | D:1      | AnnoyedKobold the Spriggan Assassin began the quest for the Orb.
     0 | D:1      | Reached XP level 1. HP: 10/10 MP: 2/2
    44 | D:1      | Reached skill level 6 in Stealth
   526 | D:1      | Reached XP level 2. HP: 14/14 MP: 3/3
   918 | D:2      | Reached XP level 3. HP: 12/18 MP: 4/4
  1214 | D:2      | Reached skill level 5 in Dodging
  1649 | D:3      | Reached XP level 4. HP: 22/22 MP: 5/5
  2560 | D:4      | Reached skill level 7 in Dodging
  2560 | D:4      | Reached XP level 5. HP: 25/25 MP: 6/6
  3547 | D:5      | Entered Level 5 of the Dungeon
  3608 | D:5      | You fall through a shaft for 2 floors!
  3693 | D:7      | Noticed a sky beast
  3842 | D:6      | Found a burning altar of Makhleb.
  3842 | D:6      | Noticed a blizzard demon
  3848 | D:6      | Noticed a ynoxinul
  3848 | D:6      | Noticed a ynoxinul
  3923 | D:6      | Reached skill level 8 in Dodging
  3957 | D:6      | Found a staircase to the Ecumenical Temple.
  4228 | D:6      | Reached XP level 6. HP: 15/30 MP: 7/7
  4435 | D:6      | Reached skill level 9 in Dodging
  5018 | D:7      | Noticed an orc warrior
  5909 | D:7      | Killed from afar by an orc wizard

Vault maps used:
D:1:      co_arrival_square_in_a_square_in_a_square, minmay_gold_behind_fungi,
          kennysheep_minor_cross, serial_park_tiny_2, serial_bayou_crossing
D:2:      hangedman_decor_push, roderic_hopi_sauvastika
D:3:      minmay_statues_item
D:4:      first_bread
D:5:      nicolae_overflow_hidden_temple
D:6:      minmay_temple_entry_from_below_a, makhleb_altar_promises_db
D:7:      gammafunk_temple_overflow_pools, uniq_menkaure

Action                   |  1- 3 |  4- 6 || total
-------------------------+-------+-------++-------
Melee: Dagger            |   126 |   268 ||   394
 Fire: Blowgun           |     6 |       ||     6
       Hunting sling     |       |    59 ||    59
  Use: Potion            |     3 |       ||     3
 Stab: Sleeping          |    13 |    22 ||    35
       Distracted        |     1 |     2 ||     3
  Eat: Bread ration      |       |     1 ||     1
       Fruit             |       |     1 ||     1
